Map: Sueño eterno EE

Players

Quequeg - Winner!

  • Race: Protoss Protoss
  • League: Gold
  • Spawn Location: 7:00

MrFercho

  • Race: Zerg Zerg
  • League: Gold
  • Spawn Location: 1:00

VOD

Have the link to the VOD?

Description

Time

  • Played on: Aug. 13, 2020, 10:48 p.m.
  • Length: 16:13
Show
View Real Time Build Order
Export as new Build Order

Quequeg Protoss - Winner!

Build Orders: 1 Gate Expand, Phoenix Opening, Carriers 

Get SALT Encoding   

  12  0:01  Probe  
  13  0:13  Probe  
  14  0:21  Pylon  
  14  0:25  Probe  
  15  0:39  Probe  
  16  0:46  Gateway  
  16  0:51  Probe (Chrono Boost)  
  17  1:00  Assimilator  
  17  1:03  Probe (Chrono Boost)  
  18  1:08  Probe (Chrono Boost)  
  19  1:17  Probe  
  20  1:27  Nexus  
  20  1:40  Cybernetics Core  
  20  1:43  Probe  
  21  1:49  Assimilator  
  21  1:55  Probe  
  21  1:58  Pylon  
  22  2:07  Probe  
  23  2:15  Gateway  
  23  2:20  Probe  
  23  2:21  Adept (Chrono Boost)  
  26  2:32  Probe  
  27  2:40  Protoss Air Weapons Level 1  
  27  2:42  Probe  
  27  2:43  Adept  
  30  2:53  Probe  
  31  3:05  Stargate  
  31  3:07  Probe (Chrono Boost)  
  31  3:08  Probe (Chrono Boost)  
  33  3:19  Pylon  
  34  3:20  Probe x2 (Chrono Boost)  
  35  3:27  Adept  
  35  3:28  Probe (Chrono Boost)  
  35  3:29  Probe (Chrono Boost)  
  39  3:37  Probe  
  39  3:38  Pylon, Probe  
  41  3:49  Probe  
  41  3:50  Probe  
  41  3:51  Phoenix (Chrono Boost)  
  45  4:08  Oracle (Chrono Boost)  
  48  4:10  Probe x2  
  50  4:17  Nexus  
  50  4:20  Pylon  
  50  4:22  Probe x2  
  52  4:33  Assimilator  
  52  4:34  Probe x2  
  52  4:35  Assimilator  
  54  4:44  Phoenix  
  56  4:46  Probe x2  
  58  4:58  Probe x2  
  60  5:03  Stargate  
  60  5:06  Fleet Beacon  
  60  5:10  Probe  
  61  5:17  Forge  
  61  5:19  Gateway  
  61  5:20  Twilight Council  
  61  5:28  Pylon  
  61  5:31  Probe x2  
  61  5:33  Probe  
  64  5:40  Phoenix  
  66  5:43  Probe x2  
  66  5:45  Probe  
  69  5:50  Cybernetics Core  
  69  5:55  Probe  
  69  5:56  Probe  
  71  5:57  Probe  
  71  5:58  Shield Battery  
  71  6:01  Shield Battery  
  71  6:03  Photon Cannon  
  72  6:05  Phoenix  
  72  6:07  Photon Cannon, Phoenix  
  72  6:08  Anion Pulse-Crystals (Chrono Boost)  
  72  6:09  Photon Cannon  
  76  6:12  Assimilator  
  76  6:16  Assimilator  
  76  6:22  Probe  
  76  6:23  Probe x2  
  79  6:31  Shield Battery  
  79  6:33  Shield Battery  
  79  6:35  Photon Cannon, Probe x2  
  79  6:37  Photon Cannon  
  79  6:39  Photon Cannon  
  81  6:42  Carrier  
  81  6:44  Phoenix  
  89  6:51  Probe x3  
  92  7:03  Pylon, Probe  
  93  7:08  Pylon  
  93  7:12  Pylon  
  93  7:14  Pylon  
  93  7:21  Probe x3  
  96  7:27  Pylon  
  96  7:31  Pylon  
  96  7:32  Pylon  
  96  7:33  Pylon  
  96  7:35  Pylon  
  96  7:36  Stargate  
  96  7:37  Stargate  
  96  7:41  Stargate  
  96  7:45  Phoenix (Chrono Boost)  
  96  7:46  Phoenix (Chrono Boost)  
  100  7:59  Nexus  
  100  8:01  Pylon  
  100  8:06  Protoss Air Armor Level 1 (Chrono Boost)  
  100  8:09  Probe x2  
  100  8:10  Probe  
  100  8:11  Protoss Air Weapons Level 2 (Chrono Boost)  
  103  8:14  Carrier x2  
  113  8:42  Carrier x2  
  125  9:19  Carrier (Chrono Boost)  
  131  9:32  Assimilator  
  131  9:36  Assimilator  
  125  9:38  Photon Cannon  
  125  9:42  Photon Cannon  
  125  9:43  Carrier x2 (Chrono Boost)  
  125  9:44  Photon Cannon, Carrier (Chrono Boost)  
  125  9:46  Photon Cannon  
  143  10:01  Probe x4  
  147  10:07  Pylon  
  147  10:09  Pylon  
  147  10:13  Probe x4  
  151  10:19  Carrier (Chrono Boost)  
  157  10:25  Protoss Air Armor Level 2 (Chrono Boost), Probe x3  
  160  10:48  Protoss Air Weapons Level 3 (Chrono Boost)  
  160  10:49  Photon Cannon  
  160  10:50  Photon Cannon  
  160  10:53  Photon Cannon  
  160  10:56  Photon Cannon  
  160  10:57  Photon Cannon  
  160  10:59  Photon Cannon  
  160  11:01  Probe  
  160  11:02  Photon Cannon, Probe x3  
  164  11:04  Photon Cannon  
  164  11:06  Shield Battery x2  
  164  11:10  Shield Battery  
  164  11:15  Shield Battery  
  164  11:18  Shield Battery  
  158  11:22  Shield Battery  
  140  11:44  Carrier x4 (Chrono Boost)  
  158  11:58  Gateway  
  158  12:00  Gateway  
  158  12:02  Gateway  
  158  12:05  Gateway  
  158  12:07  Gateway  
  158  12:09  Templar Archives  
  158  12:11  Gateway  
  158  12:14  Gateway  
  152  12:15  Gateway  
  152  12:16  Protoss Shields Level 1 (Chrono Boost)  
  152  12:26  Warp Gate (Chrono Boost)  
  152  12:38  Carrier x3 (Chrono Boost)  
  167  12:48  Carrier (Chrono Boost)  
  167  13:20  Nexus  
  167  13:22  Pylon  
  167  13:24  Pylon, Nexus  
  167  13:25  Pylon  
  167  13:27  Assimilator, Pylon  
  167  13:31  Assimilator, Unknown  
  167  13:35  Carrier x2  
  179  13:45  Carrier  
  185  13:52  Shield Battery  
  185  13:53  Shield Battery  
  185  13:56  Shield Battery  
  185  13:58  Photon Cannon  
  185  14:00  Photon Cannon  
  185  14:01  Photon Cannon  
  167  14:39  High Templar x4  
  167  14:40  High Templar x7  
  192  15:20  Pylon  
  191  15:23  Pylon  
  191  15:26  Photon Cannon, Zealot x4  
  191  15:27  Zealot x3  
  199  15:29  Photon Cannon  
  199  15:35  Archon x4  
  185  15:44  Stalker x4  
Show
View Real Time Build Order
Export as new Build Order

MrFercho Zerg 

Build Orders: Hatch First 

Get SALT Encoding   

  12  0:00  Drone  
  13  0:13  Overlord  
  13  0:24  Drone  
  14  0:31  Drone x2  
  16  0:51  Hatchery  
  16  0:54  Drone  
  16  0:57  Drone  
  16  1:02  Drone  
  18  1:11  Extractor  
  17  1:18  Spawning Pool  
  17  1:19  Drone  
  17  1:26  Drone  
  18  1:38  Drone  
  19  1:50  Drone  
  20  1:57  Overlord  
  20  2:02  Drone  
  20  2:05  Queen  
  20  2:06  Queen  
  25  2:09  Drone  
  26  2:30  Drone  
  26  2:31  Drone x3  
  30  2:41  Overlord  
  30  2:43  Overlord  
  30  3:15  Drone  
  30  3:16  Drone x3  
  30  3:18  Overlord  
  30  3:19  Overlord  
  34  3:33  Extractor  
  33  3:36  Roach Warren  
  33  3:38  Extractor  
  33  3:41  Spore Crawler  
  30  3:42  Lair  
  30  4:01  Drone x3  
  30  4:02  Drone x2  
  35  4:03  Drone  
  35  4:05  Queen  
  38  4:11  Drone x2  
  40  4:19  Overlord, Evolution Chamber  
  40  4:21  Overlord  
  39  4:25  Roach  
  39  4:26  Roach x2  
  45  4:32  Drone x4  
  45  4:34  Evolution Chamber  
  48  4:51  Zerg Missile Weapons Level 1  
  48  4:56  Roach x6  
  60  5:04  Pneumatized Carapace  
  60  5:08  Zerg Ground Armor Level 1  
  60  5:09  Drone  
  60  5:10  Drone x4  
  60  5:11  Glial Reconstitution  
  65  5:28  Hydralisk Den  
  64  5:37  Drone  
  65  5:52  Hatchery  
  64  6:08  Overlord  
  64  6:09  Overlord  
  64  6:12  Grooved Spines  
  64  6:26  Drone x2  
  64  6:27  Hatchery  
  64  6:29  Hatchery  
  64  6:34  Overseer  
  64  6:35  Overseer  
  64  6:39  Drone  
  65  6:54  Drone  
  65  6:55  Drone x13  
  65  7:01  Spore Crawler  
  78  7:03  Spore Crawler  
  77  7:08  Spore Crawler  
  77  7:09  Hydralisk x6  
  77  7:11  Spore Crawler  
  87  7:21  Queen  
  88  7:24  Muscular Augments  
  88  7:32  Drone x2  
  88  7:33  Drone  
  88  7:34  Drone x3  
  94  7:38  Extractor  
  94  7:39  Zerg Missile Weapons Level 2, Extractor  
  94  7:40  Spore Crawler  
  94  7:43  Zerg Ground Armor Level 2  
  91  7:51  Drone x3  
  94  7:52  Drone x3  
  94  7:53  Drone  
  98  8:03  Extractor  
  97  8:10  Drone  
  97  8:11  Drone x2  
  100  8:13  Overlord x3  
  100  8:15  Extractor, Hatchery  
  100  8:19  Extractor  
  97  8:33  Overlord x4  
  97  8:34  Overlord x2  
  87  8:45  Overlord x4  
  85  8:56  Spore Crawler  
  85  8:58  Spore Crawler  
  85  8:59  Drone x3, Spore Crawler  
  85  9:02  Queen  
  83  9:04  Queen  
  85  9:15  Hydralisk x4  
  85  9:16  Hydralisk x3  
  97  9:36  Hydralisk  
  97  9:37  Hydralisk x8  
  111  9:45  Overlord  
  111  9:46  Overlord x2  
  111  9:47  Hydralisk  
  105  9:55  Drone  
  105  9:56  Drone x5  
  105  9:59  Hydralisk  
  111  10:00  Hydralisk  
  115  10:16  Hydralisk  
  115  10:17  Hydralisk x6  
  129  10:22  Drone x2  
  131  10:31  Drone x8  
  131  10:32  Drone  
  140  10:36  Hydralisk  
  140  10:37  Hydralisk  
  144  10:46  Hydralisk x4  
  152  10:54  Infestation Pit  
  151  11:00  Overlord x2, Spire  
  151  11:01  Overlord x2  
  134  11:37  Hydralisk  
  134  11:38  Hydralisk x19  
  120  11:48  Hydralisk x5  
  130  11:56  Spore Crawler  
  130  11:57  Spore Crawler  
  130  11:58  Spore Crawler  
  127  12:05  Hive  
  123  12:16  Hydralisk x10  
  117  12:57  Zergling x42  
  118  13:01  Hydralisk  
  118  13:03  Queen  
  122  13:16  Lurker Den  
  122  13:19  Metabolic Boost  
  121  13:20  Hydralisk  
  121  13:21  Hydralisk x12  
  147  13:27  Drone  
  144  14:02  Hydralisk x2  
  127  14:03  Hydralisk x19  
  141  14:33  Hydralisk x12  
  161  14:49  Hydralisk  
  161  14:50  Hydralisk x4  
  155  14:55  Drone  
  155  14:56  Drone x2  
  155  14:57  Drone x3  
  161  15:01  Zergling x16  
  128  15:30  Hydralisk x2  
  128  15:31  Hydralisk x8  
  110  15:47  Hatchery  
  95  15:52  Hatchery  
Tags
 
Add a new tag
Caveats
  • Supply blocks, unpowered buildings, or Contaminate may cause inaccurate times.
  • Supply counts are checked every 10 seconds.